cohdb
Replays
Latest Replays
All Replays
Popular Replays
Top Player Replays
Match Explorer
How It Works
Community
CoH3 Stats
Reddit
Sign in to upload your games and track your stats! →
Sign in with Steam
Match 25446784
Unlisted
Match 25446784
Overview
Messages
Build Orders
End
Construct Infanterie Kompanie
Sniper
MG 42 Machine Gun Team
MG 42 Machine Gun Team
Construct Panzergrenadier Kompanie
251 Medium Carrier
251 Medium Carrier
Selects Mechanized Battlegroup
Selects Raid Package
Pioneer Squad
Construct Panzer Kompanie
Selects Spotting Scopes
Panzer IV Medium Tank
Selects Wespe Self-propelled Artillery
Wespe Self-propelled Artillery
Wespe Self-propelled Artillery
Wespe Self-propelled Artillery
Panzer IV Medium Tank
Panzergrenadier Officer Quarters
Trans r human Rights
Alex Jones
Don't Bully Me, I'll Cum
KoRneY
YangXYZ
wapple925602
The Boogyman
302892322
0
0
Comments
sign in to comment!
No comments posted yet!